AoeStats
← fernando

Golden Pit

509117667Analyzed
1v1 RM · 8d ago on Sep 25, 2026· 28m 54s· 2 players
Game mode
Random Map
Map size
Tiny (2 player)
Population
200
Speed
Normal
Resources
Standard
Victory
Conquest
Starting age
Dark Age
Ending age
Imperial Age
RankedLock teamsTeams togetherTeam positionsShared explorationLock speedFull tech treeHidden civsTurbo modeCheats
Victory
Defeat
🇦🇷 Inca · Argentina
1279
+13
🇨🇱 Mongols · Chile
1220
-13
Anak
7:03 Loom
9:28 Feudal Age
9:38 Champi Runner
12:05 Double-Bit Axe
16:22 Horse Collar
20:38 Castle Age
18:55 Scale Mail Armor
19:59 Forging
20:47 Champi Warrior
21:30 Squires
22:36 Iron Casting
23:28 Chain Mail Armor
25:13 Bow Saw
29:04 Arson
fernando
7:34 Loom
9:56 Feudal Age
11:13 Horse Collar
11:24 Double-Bit Axe
22:39 Castle Age
20:55 Gold Mining
21:35 Bloodlines
23:02 Wheelbarrow
22:55 Fletching
28:45 Bodkin Arrow
Connection lost

Rejoining the realm…

Still unreachable

The connection could not be restored.

Session expired

The server has moved on; the page needs a fresh start.